 Dungeon Crawl Stone Soup version 0.18-a0-1577-gf591c28 (webtiles) character file.

62 Tomstefer the Insei (level 4, -1/24 HPs)
             Began as a Vine Stalker Monk on Mar 19, 2016.
             Slain by Robin
             ... wielding a +0 spear
              (2 damage)
             ... on level 2 of the Dungeon.
             The game lasted 00:02:09 (1230 turns).

Tomstefer the Insei (Vine Stalker Monk)             Turns: 1230, Time: 00:02:10

Health: -1/24      AC:  7    Str: 13    XL:     4   Next: 8%
Magic:  0/5        EV:  8    Int: 10    God:
Gold:   90         SH:  0    Dex: 18    Spells: 0 memorised, 3 levels left

rFire  . . .     SeeInvis +       - Unarmed
rCold  . . .     Gourm    .     o - +1 scale mail {rPois}
rNeg   . . .     Faith    .     (no shield)
rPois  +         Spirit   +     (no helmet)
rElec  .         Dismiss  .     (no cloak)
rCorr  .         Reflect  .     (no gloves)
SustAt .         Harm     .     (no boots)
MR     .....                    (no amulet)
Stlth  ..........               (no ring)
                                d - ring of see invisible

@: heavily drained, not resistant to hostile enchantments, extremely unstealthy
A: fangs 2, regeneration 1, magic shield, antimagic bite, no device heal 3, rot
immunity
a: no special abilities


You were on level 2 of the Dungeon.
You were very hungry.

You visited 1 branch of the dungeon, and saw 2 of its levels.

You collected 90 gold pieces.

Inventory:

Armour
 a - a +0 robe
 h - a +0 ring mail
 o - a +1 scale mail of poison resistance (worn)
Jewellery
 d - a ring of see invisible (left hand)
Scrolls
 c - 3 scrolls of identify {unknown}
 f - a scroll of recharging {unknown}
Potions
 e - a potion of curing {unknown}
 g - a potion of brilliance {unknown}
 i - a potion of mutation {unknown}
 k - a potion of lignification {unknown}
 m - a potion of haste {unknown}
Comestibles
 b - a bread ration
 l - a royal jelly


   Skills:
 + Level 3.1(0.4) Fighting
 + Level 2.7(0.1) Dodging
 - Level 2.4(0.0) Stealth
 * Level 4.9(2.1) Unarmed Combat


You had 3 spell levels left.
You didn't know any spells.

Dungeon Overview and Level Annotations

Branches:
Dungeon (2/15)

Altars:

Annotations:
D:2 Ijyb, Robin


Innate Abilities, Weirdness & Mutations

You have extremely sharp teeth.
Your natural rate of healing is unusually fast.
When hurt, damage is shared between your health and your magic reserves.
Your bite disrupts and absorbs the magic of your enemies.
Potions and wands cannot restore your health.
You are immune to rotting.


Message History

You hit the goblin. Your bite misses the goblin.
The goblin is severely wounded.
The goblin barely misses you.
Robin roars a battlecry!
The goblins go into a battle-frenzy!
Robin barely misses you. Ijyb hits you but does no damage. The worm bites you.
* * * LOW HITPOINT WARNING * * *
Read which item? (? for menu, Esc to quit)
As you read the scroll labeled BEUQIRAIKI, it crumbles to dust.
Your hands glow bright brown for a moment.
It was a scroll of random uselessness.
The goblin hits you but does no damage. The goblin barely misses you.
Ijyb hits you with a dagger.
Unknown command.
Read which item? (? for menu, Esc to quit)
As you read the scroll labeled GUDUSCH FAITTIG, it crumbles to dust.
You feel aware of your surroundings.
You sensed 1 altar.
It was a scroll of magic mapping.
You are feeling very hungry.
The goblin hits you but does no damage. Robin hits you from afar with a spear.
You die...

,,,,,,,*,,,,,,,,,*,* ****,,**
,*******,,,,,,,,,..#** ****,,,*
,* *,.,,,,...$...###**,,,,,,* ,*
*,..,,,,....#....,,,,,,,,* ******
*,...,,,...>#...,,,,,,,,,,
,,,,,***,....,,,.g...#*****,,,,,,
****,,,,,.....,,.Sg.#* *,,,,,,
****,,***#....w##ggg#####**,,,,,,
,,,,,,,,,...<.lw@gggg....,,,,,,,,
,,,,**,,,########g#g...#****,,,,*
********,* #.#**#.# *,**** * *,*
#.# *,** **<* *,* #.# *,,***,,*
*,* #.# **,,*#.** ** *,* #.#
**,,..# ## ,* #,* #.# ***#.# ##.
,** #.* ###>####### #.# #..


You could see Ijyb, 2 worms, Robin, 2 hobgoblins, 7 goblins, a ball python and a
giant newt.

Vanquished Creatures
  Terence (D:2)
  2 dart slugs (D:1)
  A giant gecko (D:1)
  4 bats
  A giant cockroach (D:1)
  8 goblins
  3 hobgoblins (D:1)
  2 jackals (D:2)
  A kobold (D:1)
  A ball python (D:1)
  A giant newt (D:1)
  2 rats (D:1)
27 creatures vanquished.

Notes
Turn   | Place    | Note
--------------------------------------------------------------
     0 | D:1      | Tomstefer the Vine Stalker Monk began the quest for the Orb.
     0 | D:1      | Reached XP level 1. HP: 11/11 MP: 2/2
   282 | D:1      | Reached XP level 2. HP: 14/16 MP: 3/3
   608 | D:1      | Reached XP level 3. HP: 19/19 MP: 4/4
   878 | D:2      | Noticed Terence
   903 | D:2      | Killed Terence
  1212 | D:2      | Noticed Robin
  1220 | D:2      | Noticed Ijyb
  1222 | D:2      | Reached XP level 4. HP: 9/24 MP: 2/5
  1227 | D:2      | HP: 1/24 [goblin/club[Robin] (1)]
  1230 | D:2      | Slain by Robin

Vault maps used:
D:1:      lemuel_arrival_broad_hall, minmay_misc_feat_five
D:2:      lemuel_doored_altar, uniq_natasha, uniq_iyjb, uniq_robin, uniq_terence

Skill      XL: |  1  2  3 |
---------------+----------+-----
Fighting       | 3 |  3.1
Dodging        | |  2.7
Stealth        | |  2.4
Unarmed Combat | |  4.9

Action                   |  1- 3 |  4- 6 || total
-------------------------+-------+-------++-------
Melee: Unarmed           |    81 |     6 ||    87
  Use: Scroll            |       |     2 ||     2
 Stab: Sleeping          |     3 |       ||     3
